 Dungeon Crawl Stone Soup version 0.22.0-13-g43fe8f2 (webtiles) character file.

144 Gravenous the Ruffian (level 5, -1/49 HPs)
             Began as a Troll Arcane Marksman on Aug 16, 2018.
             Slain by an orc
             ... wielding a +0 dagger
              (4 damage)
             ... on level 3 of the Dungeon.
             The game lasted 00:02:03 (1699 turns).

Gravenous the Ruffian (Troll Arcane Marksman)       Turns: 1699, Time: 00:02:04

Health: -1/49      AC:  5    Str: 18    XL:     5   Next: 5%
Magic:  5/5        EV: 10    Int: 10    God:
Gold:   111        SH:  0    Dex: 10    Spells: 5/6 levels left

rFire    . . .     SeeInvis .     - Unarmed
rCold    . . .     Gourm    +   (no shield)
rNeg     . . .     Faith    .   a - +0 robe
rPois    .         Spirit   .   (helmet restricted)
rElec    .         Reflect  .   (no cloak)
rCorr    .         Harm     .   (gloves unavailable)
MR       .....                  (boots unavailable)
Stlth    ..........             (no amulet)
HPRegen  0.56/turn              g - ring of attention (curse)
MPRegen  0.09/turn              (no ring)

@: no status effects
A: large, unfitting armour, claws 3, fast metabolism 3, gourmand, regeneration
1, shaggy fur 1, tough skin 2
a: no special abilities


You were on level 3 of the Dungeon.
You were full.

You visited 1 branch of the dungeon, and saw 3 of its levels.

You collected 111 gold pieces.

Inventory:

Missiles
 c - 4 large rocks (quivered)
 d - 2 throwing nets
Armour
 a - a +0 robe (worn)
Jewellery
 g - a cursed ring of attention (left claw)
 j - an uncursed ring of flight {unknown}
Scrolls
 b - 3 scrolls of identify {unknown}
 e - a scroll of magic mapping {unknown}
 k - a scroll of remove curse {unknown}
 l - a scroll of enchant armour {unknown}
Potions
 h - a potion of cancellation {unknown}
 i - a potion of haste {unknown}
Comestibles
 f - 5 rations
 m - 2 chunks of flesh


   Skills:
 + Level 2.3 Fighting
 - Level 1.7 Throwing
 - Level 1.5 Dodging
 * Level 3.8 Unarmed Combat
 - Level 1.0 Spellcasting
 - Level 2.0 Hexes


You had 5 spell levels left.
You knew the following spells:

 Your Spells              Type           Power        Failure   Level  Hunger
a - Corona                Hex            #......      16%         1    ##.....

Your spell library contained the following spells:

 Spells                   Type           Power        Failure   Level  Hunger
 Cause Fear               Hex            #.........   83%         4    #####..
 Slow                     Hex            #.......     22%         2    ###....
 Portal Projectile        Hex/Tloc       #.....       56%         3    ####...
 Leda's Liquefaction      Hex/Erth       #.........   92%         4    #####..
 Inner Flame              Hex/Fire       #.......     56%         3    ####...


Dungeon Overview and Level Annotations

Branches:
Dungeon (3/15)

Altars:


Innate Abilities, Weirdness & Mutations

You are too large for most types of armour.
You have claws for hands.
Your metabolism is lightning-fast.
You like to eat raw meat.
Your natural rate of healing is unusually fast.
You are covered in fur. (AC +1)
You have very tough skin. (AC +2)


Message History

The quokka bites you.
* * * LOW HITPOINT WARNING * * *
You claw the quokka!
You kill the quokka!
You closely miss something. You scratch something.
You hear some strange, mumbled words.
A puff of flame appears from out of thin air!
The puff of flame hits you!
* * * LOW HITPOINT WARNING * * *
You claw something!
Reactivating autopickup.
You have reached level 5!
You feel a bit more experienced.
You claw the orc!
You kill the orc!
You scratch the orc.
The orc is moderately wounded.
The orc hits you with a dagger.
You die...

############# #...........#
###...........###### ###
..............'o@.>#######.#
###
##............###..........#
#.. #....#########
#..(.......####.# #....#
#...............# ##....#
#............#### .....o#
#######............# #
......# #...........####...#
# ....### #.........###
#...#### ....# #.........#
###.....


You could see an orc.

Vanquished Creatures
  An orc wizard (D:3)
  A gnoll (D:1)
  3 adders (D:2)
  An ooze (D:1)
  2 worms
  3 dart slugs
  3 leopard geckos (D:1)
  5 orcs (D:3)
  A giant cockroach (D:1)
  8 goblins
  5 hobgoblins
  2 jackals (D:3)
  2 quokkas
  6 bats
  4 frilled lizards
  11 kobolds
  2 rats
60 creatures vanquished.

Notes
Turn   | Place    | Note
-------+----------+-------------------------------------------
     0 | D:1      | Gravenous the Troll Arcane Marksman began the quest for the Orb.
     0 | D:1      | Reached XP level 1. HP: 18/18 MP: 1/1
    38 | D:1      | Reached skill level 1 in Fighting
    99 | D:1      | Reached skill level 1 in Unarmed Combat
   112 | D:1      | Reached XP level 2. HP: 21/27 MP: 2/2
   397 | D:1      | Reached skill level 2 in Unarmed Combat
   397 | D:1      | Reached XP level 3. HP: 33/33 MP: 3/3
  1222 | D:2      | Reached skill level 3 in Unarmed Combat
  1222 | D:2      | Reached XP level 4. HP: 38/42 MP: 4/4
  1696 | D:3      | HP: 1/42 [something/puff of flame (11)]
  1697 | D:3      | Reached XP level 5. HP: 1/49 MP: 5/5
  1699 | D:3      | Slain by an orc

Skill      XL: |  1  2  3  4 |
---------------+-------------+-----
Fighting       | 1 2 |  2.3
Unarmed Combat | 1 2 3 |  3.8
Throwing       | |  1.7
Dodging        | |  1.5
Spellcasting   | |  1.0
Hexes          | |  2.0

Action                   |  1- 3 |  4- 6 || total
-------------------------+-------+-------++-------
Melee: Unarmed           |   112 |    76 ||   188
       Punch             |     2 |       ||     2
  Eat: Chunk             |    12 |     6 ||    18
Armor: Robe              |    30 |    29 ||    59
Dodge: Dodged            |    61 |    41 ||   102
